Map: 2000 Atmospheres LE

Players

WoletarHeri - Winner!

  • Race: Zerg Zerg
  • League: Diamond

Mels

  • Race: Zerg Zerg
  • League: Master

VOD

Have the link to the VOD?

Description

Time

  • Played on: Aug. 3, 2021, 4 a.m.
  • Length: 7:37
Show
View Real Time Build Order
Export as new Build Order

WoletarHeri Zerg - Winner!

Build Orders: Hatch First 

Get SALT Encoding   

  12  0:10  Overlord  
  12  0:14  Drone  
  12  0:20  Drone  
  15  0:28  Drone  
  15  0:34  Drone  
  16  0:50  Hatchery  
  16  0:53  Drone  
  16  0:56  Drone  
  17  1:07  Drone  
  18  1:13  Spawning Pool  
  17  1:25  Extractor  
  16  1:26  Drone x2  
  18  1:37  Drone  
  19  1:47  Overlord  
  19  2:00  Drone  
  19  2:01  Queen  
  20  2:03  Queen  
  20  2:05  Drone  
  25  2:10  Drone  
  26  2:16  Drone  
  27  2:28  Metabolic Boost  
  27  2:30  Zergling x4  
  27  2:31  Zergling x2  
  30  2:46  Overlord, Queen  
  33  2:51  Baneling Nest, Zergling x4  
  33  2:52  Overlord  
  33  3:03  Zergling x4  
  35  3:07  Drone  
  35  3:11  Queen  
  36  3:13  Zergling x2  
  36  3:14  Zergling x4  
  35  3:20  Zergling x4  
  32  3:35  Zergling x2  
  31  3:59  Zergling x12  
  35  4:15  Baneling x4  
  35  4:29  Zergling x14  
  37  4:44  Zergling x2  
  37  4:45  Zergling x4  
  40  4:55  Zergling x4  
  40  4:57  Queen x2  
  46  5:01  Baneling x3  
  46  5:02  Baneling  
  46  5:05  Baneling  
  46  5:18  Zergling x10  
  39  5:42  Zergling x8  
  40  5:49  Roach Warren  
  36  5:50  Drone  
  36  5:52  Zergling x2  
  36  6:08  Baneling  
  36  6:09  Baneling  
  36  6:10  Baneling  
  36  6:12  Baneling  
  36  6:15  Drone  
  36  6:16  Drone x3  
  40  6:23  Drone x2  
  40  6:24  Drone  
  36  6:59  Roach x3  
  36  7:00  Roach x3  
  47  7:06  Drone x2  
  47  7:10  Roach  
  47  7:14  Extractor  
  48  7:17  Drone x2  
Show
View Real Time Build Order
Export as new Build Order

Mels Zerg 

Build Orders: Hatch First 

Get SALT Encoding   

  12  0:00  Drone  
  13  0:08  Drone  
  14  0:18  Extractor, Drone  
  15  0:37  Hatchery  
  15  0:42  Extractor  
  13  0:43  Drone  
  14  0:59  Spawning Pool  
  14  1:02  Drone  
  14  1:10  Overlord  
  14  1:28  Drone  
  15  1:45  Metabolic Boost  
  15  1:49  Queen  
  15  1:51  Zergling x4  
  19  1:58  Overlord  
  19  2:07  Queen  
  21  2:15  Zergling x4  
  23  2:17  Zergling x2  
  24  2:25  Zergling x4  
  26  2:35  Zergling x6  
  29  2:39  Zergling x2  
  30  2:46  Zergling x2  
  31  2:54  Zergling x4  
  33  3:01  Zergling x6  
  34  3:16  Zergling x4  
  34  3:27  Zergling x6  
  30  3:30  Zergling x6  
  32  3:44  Zergling x2  
  32  3:45  Zergling x6  
  35  3:50  Zergling x2  
  34  3:56  Zergling x2  
  31  4:05  Zergling x8  
  34  4:22  Drone  
  29  4:36  Drone x3  
  30  4:41  Drone  
  30  4:43  Drone  
  32  4:45  Spine Crawler  
  32  4:46  Spine Crawler  
  32  4:49  Spine Crawler  
  29  4:53  Drone  
  29  4:54  Drone  
  29  4:58  Drone  
  32  5:06  Drone  
  32  5:07  Baneling Nest  
  32  5:24  Zergling x2  
  32  5:25  Zergling x8  
  29  5:38  Zergling x6  
  26  5:48  Queen x2  
  26  5:49  Drone  
  24  6:08  Baneling x4  
  24  6:09  Baneling  
  24  6:12  Drone  
  24  6:14  Zergling x2  
  24  6:15  Zergling x4  
  24  6:16  Zergling x2  
  28  6:38  Zergling x2  
  28  6:39  Zergling x4  
  26  6:47  Zergling x4  
  26  6:59  Drone x3  
  23  7:14  Drone x2  
  24  7:17  Drone  
  24  7:22  Drone  
Tags
 
Add a new tag
Caveats
  • Supply blocks, unpowered buildings, or Contaminate may cause inaccurate times.
  • Supply counts are checked every 10 seconds.